2029 views
Uploaded 2023-08-04 01:26:01
Game version 1.36 (6115)
32:09 long 3on3 ladder game on (6)Guardians
Saved by Cabeelibob
2029 views
Uploaded 2023-08-04 01:26:01
Game version 1.36 (6115)
32:09 long 3on3 ladder game on (6)Guardians


154 units @ 22.4k
/ 3.6k
82 buildings @ 13.4k
/ 6.8k



| Potion of Healing | 2 | 300 |
| Staff of Preservation | 2 | 300 |
| Scroll of Town Portal | 1 | 350 |
| Potion of Lesser Invulnerability | 2 | 300 |
| Healing Salve | 1 | 100 |
| Orb of Lightning | 2 | 750 |
| Ankh of Reincarnation | 1 | 450 |
| total: | 11 | 2550g |
| Wisp | 22 | 1320 | / | 0 |
| Hippogryph | 1 | 160 | / | 20 |
| Chimaera | 10 | 3300 | / | 700 |
| Druid of the Talon | 1 | 145 | / | 20 |
| Goblin Shredder | 2 | 750 | / | 200 |
| Goblin Sapper | 4 | 860 | / | 400 |
| total: | 40 | 6535g | / | 1340w |
| Ancient Protector | 6 | 810 | / | 480 |
| Altar of Elders | 1 | 180 | / | 50 |
| Moon Well | 9 | 1620 | / | 360 |
| Tree of Life | 1 | 340 | / | 185 |
| Hunter's Hall | 1 | 210 | / | 100 |
| Ancient of Wonders | 2 | 180 | / | 60 |
| Ancient of Wind | 1 | 150 | / | 140 |
| Chimaera Roost | 3 | 420 | / | 570 |
| Tree of Ages | 1 | 320 | / | 180 |
| Tree of Eternity | 1 | 330 | / | 200 |
| total: | 24 | 3910g | / | 1945w |
| 0:01 | Wisp |
| 0:02 | Wisp |
| 0:16 | Altar of Elders |
| 0:18 | Wisp |
| 0:31 | Moon Well |
| 0:39 | Wisp |
| 0:41 | Wisp |
| 0:43 | Wisp |
| 0:45 | Wisp |
| 0:57 | Wisp |
| 1:20 | Wisp |
| 1:29 | Wisp |
| 2:03 | Tree of Life |
| 2:15 | Wisp |
| 2:20 | Moon Well |
| 2:29 | Mana Burn |
| 2:32 | Wisp |
| 2:36 | Moon Well |
| 2:43 | Moon Well |
| 3:53 | Tree of Ages |
| 4:52 | Hunter's Hall |
| 5:25 | Moon Well |
| 5:51 | Moon Well |
| 6:02 | Ancient Protector |
| 6:04 | Ancient Protector |
| 6:10 | Strength of the Wild |
| 6:15 | Tree of Eternity |
| 6:27 | Wisp |
| 6:28 | Wisp |
| 6:28 | Wisp |
| 6:29 | Wisp |
| 6:29 | Wisp |
| 6:38 | Ancient of Wonders |
| 6:49 | Goblin Shredder |
| 7:22 | Entangling Roots |
| 7:24 | Improved Strength of the Wild |
| 7:25 | Ancient of Wind |
| 7:31 | Goblin Sapper |
| 7:44 | Evasion |
| 8:17 | Ancient Protector |
| 8:20 | Ancient Protector |
| 8:24 | Moon Well |
| 8:27 | Healing Salve |
| 8:39 | Wisp |
| 8:39 | Wisp |
| 8:44 | Chimaera Roost |
| 8:45 | Chimaera Roost |
| 9:11 | Reinforced Hides |
| 9:12 | Wisp |
| 9:12 | Wisp |
| 9:16 | Hippogryph |
| 9:49 | Wisp |
| 10:11 | Breath of Fire |
| 10:31 | Chimaera |
| 10:37 | Potion of Lesser Invulnerability |
| 10:41 | Force of Nature |
| 10:42 | Mana Burn |
| 10:47 | Moon Well |
| 10:51 | Chimaera Roost |
| 11:18 | Chimaera |
| 11:21 | Improved Reinforced Hides |
| 11:53 | Chimaera |
| 12:03 | Drunken Brawler |
| 12:18 | Corrosive Breath |
| 12:54 | Goblin Shredder |
| 13:18 | Advanced Strength of the Wild |
| 13:20 | Moon Well |
| 13:44 | Chimaera |
| 15:11 | Orb of Lightning |
| 15:39 | Goblin Sapper |
| 15:39 | Goblin Sapper |
| 16:53 | Ancient of Wonders |
| 17:54 | Orb of Lightning |
| 17:57 | Chimaera |
| 18:44 | Chimaera |
| 18:53 | Potion of Healing |
| 18:53 | Staff of Preservation |
| 19:06 | Chimaera |
| 19:36 | Goblin Sapper |
| 20:36 | Potion of Healing |
| 20:36 | Scroll of Town Portal |
| 21:31 | Chimaera |
| 21:35 | Staff of Preservation |
| 22:39 | Chimaera |
| 24:13 | Breath of Fire |
| 24:19 | Nature's Blessing |
| 24:29 | Chimaera |
| 24:45 | Ancient Protector |
| 24:48 | Ancient Protector |
| 26:34 | Druid of the Talon Adept Training |
| 27:06 | Evasion |
| 27:19 | Potion of Lesser Invulnerability |
| 27:27 | Druid of the Talon |
| 27:50 | Ankh of Reincarnation |
| 31:48 | Drunken Brawler |
| Right click | 996 |
| Select group | 658 |
| Select | 546 |
| Use ability | 153 |
| Misc. action | 114 |
| Assign group | 99 |
| Build/train/purchase | 96 |
| Resource trade | 13 |
| Item give/drop | 6 |
| Minimap ping | 4 |
| Esc | 2 |
supersup
(2)
(32:01) : 


| Scroll of Town Portal | 6 | 2100 |
| Scroll of Healing | 1 | 250 |
| total: | 7 | 2350g |
| Wisp | 39 | 2340 | / | 0 |
| Archer | 4 | 520 | / | 40 |
| Glaive Thrower | 3 | 630 | / | 195 |
| Huntress | 1 | 195 | / | 20 |
| Chimaera | 9 | 2970 | / | 630 |
| Hippogryph | 23 | 3680 | / | 460 |
| Dryad | 4 | 580 | / | 240 |
| total: | 83 | 10915g | / | 1585w |
| Ancient Protector | 13 | 1755 | / | 1040 |
| Altar of Elders | 1 | 180 | / | 50 |
| Moon Well | 9 | 1620 | / | 360 |
| Ancient of War | 2 | 300 | / | 120 |
| Hunter's Hall | 2 | 420 | / | 200 |
| Tree of Life | 3 | 1020 | / | 555 |
| Ancient of Wonders | 1 | 90 | / | 30 |
| Ancient of Wind | 2 | 300 | / | 280 |
| Ancient of Lore | 1 | 155 | / | 145 |
| Chimaera Roost | 3 | 420 | / | 570 |
| Tree of Ages | 1 | 320 | / | 180 |
| Tree of Eternity | 1 | 330 | / | 200 |
| total: | 37 | 6260g | / | 3350w |
| 0:06 | Wisp |
| 0:06 | Wisp |
| 0:06 | Wisp |
| 0:12 | Altar of Elders |
| 0:20 | Moon Well |
| 0:21 | Wisp |
| 0:27 | Wisp |
| 1:12 | Ancient of War |
| 1:19 | Wisp |
| 1:19 | Wisp |
| 1:20 | Wisp |
| 1:20 | Wisp |
| 1:30 | Moon Well |
| 1:33 | Wisp |
| 1:57 | Ancient of War |
| 1:59 | Wisp |
| 2:15 | Force of Nature |
| 2:20 | Wisp |
| 2:34 | Archer |
| 3:05 | Archer |
| 3:19 | Tree of Ages |
| 3:20 | Archer |
| 3:34 | Archer |
| 4:40 | Hunter's Hall |
| 4:44 | Moon Well |
| 5:05 | Entangling Roots |
| 5:18 | Tree of Life |
| 5:27 | Hunter's Hall |
| 6:37 | Vorpal Blades |
| 6:38 | Glaive Thrower |
| 6:40 | Tree of Eternity |
| 6:44 | Ancient of Wind |
| 6:51 | Ancient of Lore |
| 7:52 | Ultravision |
| 8:24 | Sentinel |
| 8:26 | Huntress |
| 8:38 | Wisp |
| 8:38 | Wisp |
| 8:38 | Wisp |
| 8:38 | Wisp |
| 8:43 | Wisp |
| 9:04 | Trueshot Aura |
| 10:41 | Chimaera Roost |
| 10:44 | Chimaera Roost |
| 10:48 | Chimaera Roost |
| 11:05 | Improved Bows |
| 11:09 | Moon Well |
| 11:17 | Moon Well |
| 11:19 | Nature's Blessing |
| 11:22 | Well Spring |
| 11:25 | Wisp |
| 11:29 | Wisp |
| 11:29 | Wisp |
| 11:29 | Wisp |
| 12:13 | Chimaera |
| 12:26 | Wisp |
| 12:26 | Wisp |
| 12:30 | Wisp |
| 12:31 | Wisp |
| 12:31 | Wisp |
| 12:55 | Glaive Thrower |
| 12:57 | Chimaera |
| 13:00 | Wisp |
| 13:00 | Wisp |
| 13:20 | Ancient Protector |
| 13:33 | Ancient Protector |
| 13:51 | Corrosive Breath |
| 14:01 | Moon Well |
| 14:03 | Chimaera |
| 14:12 | Ancient of Wonders |
| 14:16 | Chimaera |
| 14:36 | Scroll of Town Portal |
| 14:38 | Scroll of Healing |
| 14:53 | Moon Well |
| 15:00 | Moon Well |
| 15:02 | Abolish Magic |
| 15:04 | Chimaera |
| 15:35 | Force of Nature |
| 15:51 | Moon Well |
| 15:59 | Strength of the Wild |
| 15:59 | Reinforced Hides |
| 16:30 | Tree of Life |
| 16:55 | Searing Arrows |
| 16:59 | Shadow Strike |
| 17:25 | Ancient Protector |
| 17:28 | Ancient Protector |
| 17:30 | Hippogryph |
| 17:30 | Hippogryph |
| 17:35 | Chimaera |
| 17:50 | Scroll of Town Portal |
| 18:59 | Ancient Protector |
| 19:03 | Wisp |
| 19:03 | Wisp |
| 19:04 | Wisp |
| 19:04 | Wisp |
| 19:04 | Wisp |
| 19:17 | Tree of Life |
| 19:25 | Hippogryph |
| 20:22 | Trueshot Aura |
| 20:26 | Fan of Knives |
| 20:32 | Thorns Aura |
| 21:14 | Chimaera |
| 21:53 | Hippogryph |
| 21:54 | Hippogryph |
| 21:56 | Improved Reinforced Hides |
| 22:06 | Dryad |
| 22:36 | Chimaera |
| 23:14 | Ancient Protector |
| 23:19 | Ancient Protector |
| 23:25 | Ancient Protector |
| 23:32 | Ancient Protector |
| 23:45 | Ancient Protector |
| 23:59 | Scroll of Town Portal |
| 23:59 | Scroll of Town Portal |
| 24:23 | Wisp |
| 24:23 | Wisp |
| 24:23 | Wisp |
| 24:24 | Wisp |
| 24:24 | Wisp |
| 24:56 | Ancient of Wind |
| 24:59 | Hippogryph |
| 24:59 | Hippogryph |
| 24:59 | Hippogryph |
| 24:59 | Hippogryph |
| 25:00 | Hippogryph |
| 25:00 | Hippogryph |
| 25:04 | Improved Strength of the Wild |
| 27:13 | Hippogryph |
| 27:14 | Hippogryph |
| 27:14 | Hippogryph |
| 27:14 | Hippogryph |
| 27:14 | Hippogryph |
| 27:25 | Wisp |
| 27:34 | Dryad |
| 27:34 | Dryad |
| 27:43 | Ancient Protector |
| 27:49 | Ancient Protector |
| 27:54 | Ancient Protector |
| 28:16 | Glaive Thrower |
| 28:19 | Advanced Strength of the Wild |
| 28:20 | Strength of the Moon |
| 29:05 | Hippogryph |
| 29:05 | Hippogryph |
| 29:05 | Hippogryph |
| 29:33 | Hippogryph |
| 29:33 | Hippogryph |
| 29:40 | Chimaera |
| 30:37 | Hippogryph |
| 30:48 | Scroll of Town Portal |
| 30:53 | Scroll of Town Portal |
| 31:01 | Dryad |
| 31:39 | Hippogryph |
| Right click | 1237 |
| Select group | 1132 |
| Select | 402 |
| Build/train/purchase | 127 |
| Assign group | 106 |
| Use ability | 30 |
| Minimap ping | 8 |
| Resource trade | 7 |
| Remove unit | 4 |


| Healing Salve | 3 | 300 |
| Lesser Clarity Potion | 1 | 70 |
| Potion of Healing | 1 | 150 |
| total: | 5 | 520g |
| Peon | 8 | 600 | / | 0 |
| Grunt | 5 | 1000 | / | 0 |
| Demolisher | 5 | 1100 | / | 250 |
| Shaman | 5 | 650 | / | 100 |
| Wind Rider | 3 | 795 | / | 120 |
| Troll Batrider | 5 | 800 | / | 200 |
| total: | 31 | 4945g | / | 670w |
| Watch Tower | 2 | 220 | / | 160 |
| Altar of Storms | 1 | 180 | / | 50 |
| Orc Burrow | 9 | 1440 | / | 360 |
| Barracks | 1 | 180 | / | 50 |
| Voodoo Lounge | 1 | 130 | / | 30 |
| War Mill | 1 | 205 | / | 0 |
| Spirit Lodge | 1 | 150 | / | 150 |
| Tauren Totem | 1 | 135 | / | 155 |
| Beastiary | 4 | 580 | / | 560 |
| Stronghold | 1 | 315 | / | 190 |
| Fortress | 1 | 325 | / | 190 |
| total: | 21 | 3220g | / | 1515w |
| 0:04 | Peon |
| 0:09 | Altar of Storms |
| 0:20 | Orc Burrow |
| 0:22 | Peon |
| 0:22 | Peon |
| 0:39 | Barracks |
| 0:44 | Peon |
| 1:08 | Peon |
| 1:09 | Peon |
| 1:30 | Voodoo Lounge |
| 1:36 | Peon |
| 1:42 | Grunt |
| 1:42 | Grunt |
| 1:59 | Orc Burrow |
| 2:05 | Peon |
| 2:10 | Wind Walk |
| 2:31 | Healing Salve |
| 2:31 | Lesser Clarity Potion |
| 3:31 | Stronghold |
| 3:32 | Grunt |
| 4:00 | War Mill |
| 4:24 | Grunt |
| 5:34 | Watch Tower |
| 5:35 | Watch Tower |
| 5:54 | Berserker Strength |
| 5:55 | Healing Salve |
| 6:22 | Spirit Lodge |
| 6:26 | Tauren Totem |
| 6:34 | Grunt |
| 6:42 | Orc Burrow |
| 6:45 | Reinforced Defenses |
| 7:25 | Fortress |
| 7:30 | Critical Strike |
| 8:10 | Shaman Adept Training |
| 8:14 | Orc Burrow |
| 8:31 | Orc Burrow |
| 8:52 | Demolisher |
| 9:13 | Hex |
| 9:42 | Beastiary |
| 9:43 | Beastiary |
| 10:33 | Shaman Master Training |
| 11:23 | Liquid Fire |
| 11:38 | Shaman |
| 11:38 | Shaman |
| 11:40 | Wind Rider |
| 12:33 | Wind Rider |
| 12:37 | Wind Rider |
| 12:38 | Shaman |
| 12:39 | Shaman |
| 13:50 | Orc Burrow |
| 13:50 | Orc Burrow |
| 13:53 | Steel Ranged Weapons |
| 13:53 | Steel Armor |
| 14:06 | Burning Oil |
| 14:11 | Envenomed Spears |
| 15:00 | Troll Batrider |
| 15:00 | Troll Batrider |
| 15:00 | Troll Batrider |
| 15:26 | Shaman |
| 15:41 | Critical Strike |
| 15:53 | Healing Wave |
| 16:33 | Demolisher |
| 16:33 | Demolisher |
| 16:33 | Demolisher |
| 17:39 | Demolisher |
| 17:52 | Troll Batrider |
| 17:52 | Troll Batrider |
| 18:19 | Beastiary |
| 18:20 | Beastiary |
| 19:46 | Potion of Healing |
| 19:46 | Healing Salve |
| 23:08 | Orc Burrow |
| 25:35 | Orc Burrow |
| Right click | 1044 |
| Select group | 953 |
| Select | 475 |
| Misc. action | 155 |
| Build/train/purchase | 117 |
| Assign group | 30 |
| Use ability | 24 |
| Minimap ping | 8 |
| Item give/drop | 2 |
| Esc | 1 |
112 units @ 10.4k
/ 1.9k
122 buildings @ 9.6k
/ 4.5k
GIGA
(207)
(32:03) : 

| Scroll of Town Portal | 1 | 350 |
| total: | 1 | 350g |
| Peasant | 16 | 1200 | / | 0 |
| total: | 16 | 1200g | / | 0w |
| Scout Tower | 42 | 1260 | / | 840 |
| Arcane Tower | 6 | 420 | / | 300 |
| Guard Tower | 24 | 1680 | / | 1200 |
| Altar of Kings | 1 | 180 | / | 50 |
| Farm | 5 | 400 | / | 100 |
| Lumber Mill | 3 | 360 | / | 0 |
| Barracks | 1 | 160 | / | 60 |
| Arcane Vault | 1 | 130 | / | 30 |
| Keep | 1 | 320 | / | 210 |
| Castle | 1 | 360 | / | 210 |
| total: | 53 | 2490g | / | 1080w |
| 0:03 | Peasant |
| 0:03 | Peasant |
| 0:06 | Altar of Kings |
| 0:12 | Farm |
| 0:23 | Farm |
| 0:28 | Lumber Mill |
| 0:34 | Farm |
| 0:35 | Peasant |
| 0:45 | Peasant |
| 0:52 | Farm |
| 1:03 | Peasant |
| 1:07 | Improved Lumber Harvesting |
| 1:15 | Peasant |
| 1:28 | Peasant |
| 1:37 | Peasant |
| 1:49 | Barracks |
| 1:58 | Peasant |
| 2:10 | Storm Bolt |
| 2:29 | Peasant |
| 2:29 | Peasant |
| 2:29 | Peasant |
| 2:34 | Peasant |
| 2:36 | Improved Masonry |
| 2:49 | Scout Tower |
| 2:50 | Peasant |
| 2:56 | Farm |
| 2:59 | Scout Tower |
| 3:20 | Arcane Tower |
| 3:45 | Scout Tower |
| 3:46 | Scout Tower |
| 3:46 | Scout Tower |
| 3:50 | Scout Tower |
| 3:53 | Peasant |
| 3:53 | Peasant |
| 3:56 | Scout Tower |
| 3:58 | Guard Tower |
| 4:00 | Scout Tower |
| 4:18 | Guard Tower |
| 4:20 | Arcane Tower |
| 4:26 | Scout Tower |
| 4:28 | Scout Tower |
| 4:34 | Scout Tower |
| 4:38 | Guard Tower |
| 4:54 | Guard Tower |
| 5:20 | Guard Tower |
| 5:33 | Scout Tower |
| 5:35 | Scout Tower |
| 5:38 | Keep |
| 5:39 | Guard Tower |
| 5:42 | Scout Tower |
| 5:42 | Scout Tower |
| 5:50 | Arcane Tower |
| 5:54 | Scout Tower |
| 6:00 | Scout Tower |
| 6:03 | Scout Tower |
| 6:04 | Scout Tower |
| 6:23 | Guard Tower |
| 6:26 | Scout Tower |
| 6:43 | Guard Tower |
| 6:45 | Guard Tower |
| 6:47 | Arcane Tower |
| 6:51 | Scout Tower |
| 7:01 | Scout Tower |
| 7:07 | Scout Tower |
| 7:11 | Guard Tower |
| 7:13 | Guard Tower |
| 7:16 | Scout Tower |
| 7:18 | Guard Tower |
| 7:21 | Arcane Tower |
| 7:23 | Scout Tower |
| 7:30 | Guard Tower |
| 7:35 | Guard Tower |
| 7:36 | Scout Tower |
| 7:38 | Scout Tower |
| 7:44 | Guard Tower |
| 8:10 | Guard Tower |
| 8:12 | Arcane Tower |
| 8:14 | Scout Tower |
| 8:17 | Scout Tower |
| 8:23 | Scout Tower |
| 8:26 | Guard Tower |
| 8:48 | Castle |
| 8:50 | Advanced Masonry |
| 9:00 | Guard Tower |
| 9:05 | Guard Tower |
| 9:09 | Scout Tower |
| 9:11 | Scout Tower |
| 9:12 | Scout Tower |
| 9:19 | Guard Tower |
| 9:22 | Bash |
| 9:45 | Holy Light |
| 10:00 | Arcane Vault |
| 10:16 | Scroll of Town Portal |
| 11:02 | Lumber Mill |
| 12:04 | Guard Tower |
| 12:07 | Scout Tower |
| 12:08 | Scout Tower |
| 12:47 | Guard Tower |
| 12:52 | Scout Tower |
| 12:54 | Scout Tower |
| 12:56 | Scout Tower |
| 13:33 | Guard Tower |
| 13:39 | Scout Tower |
| 13:40 | Scout Tower |
| 13:41 | Scout Tower |
| 13:42 | Scout Tower |
| 14:21 | Divine Shield |
| 18:14 | Holy Light |
| 20:23 | Guard Tower |
| 22:44 | Divine Shield |
| 25:11 | Storm Bolt |
| 27:34 | Lumber Mill |
| 31:33 | Avatar |
| Right click | 2329 |
| Select group | 1195 |
| Select | 441 |
| Build/train/purchase | 68 |
| Assign group | 35 |
| Resource trade | 30 |
| Minimap ping | 25 |
| Use ability | 7 |
| Chat | 4 |
| Esc | 2 |
Cabeelibob
(194)
(32:04) : 
| Healing Salve | 1 | 100 |
| Lesser Clarity Potion | 2 | 140 |
| Potion of Mana | 1 | 200 |
| Potion of Healing | 1 | 150 |
| Boots of Speed | 1 | 250 |
| Staff of Teleportation | 1 | 150 |
| Scourge Bone Chimes | 1 | 400 |
| Claws of Attack +9 | 1 | 300 |
| Sobi Mask | 1 | 400 |
| total: | 10 | 2090g |
| Peon | 12 | 900 | / | 0 |
| Troll Witch Doctor | 4 | 580 | / | 100 |
| total: | 16 | 1480g | / | 100w |
| Watch Tower | 7 | 770 | / | 560 |
| Altar of Storms | 1 | 180 | / | 50 |
| Orc Burrow | 4 | 640 | / | 160 |
| War Mill | 1 | 205 | / | 0 |
| Voodoo Lounge | 1 | 130 | / | 30 |
| Great Hall | 2 | 770 | / | 370 |
| Spirit Lodge | 1 | 150 | / | 150 |
| Stronghold | 1 | 315 | / | 190 |
| Fortress | 1 | 325 | / | 190 |
| total: | 17 | 2845g | / | 1320w |
| 0:03 | Altar of Storms |
| 0:06 | Orc Burrow |
| 0:06 | Peon |
| 0:25 | Peon |
| 0:34 | Peon |
| 0:57 | War Mill |
| 1:04 | Voodoo Lounge |
| 1:10 | Peon |
| 1:25 | Peon |
| 1:44 | Peon |
| 1:53 | Peon |
| 2:07 | Wind Walk |
| 2:16 | Peon |
| 2:45 | Peon |
| 2:46 | Peon |
| 2:49 | Orc Burrow |
| 3:19 | Watch Tower |
| 3:21 | Watch Tower |
| 3:51 | Peon |
| 3:51 | Peon |
| 4:30 | Watch Tower |
| 4:51 | Healing Salve |
| 5:24 | Stronghold |
| 7:25 | Boots of Speed |
| 7:25 | Staff of Teleportation |
| 8:28 | Critical Strike |
| 8:48 | Fortress |
| 9:08 | Spirit Lodge |
| 9:12 | Lesser Clarity Potion |
| 9:23 | Reinforced Defenses |
| 9:34 | Watch Tower |
| 9:35 | Watch Tower |
| 11:18 | Scourge Bone Chimes |
| 11:24 | Witch Doctor Adept Training |
| 12:23 | Watch Tower |
| 12:35 | Lesser Clarity Potion |
| 12:37 | Potion of Mana |
| 12:41 | Potion of Healing |
| 13:09 | Witch Doctor Master Training |
| 13:09 | Troll Witch Doctor |
| 13:09 | Troll Witch Doctor |
| 13:10 | Troll Witch Doctor |
| 13:11 | Troll Witch Doctor |
| 13:39 | Watch Tower |
| 15:55 | Critical Strike |
| 16:11 | Claws of Attack +9 |
| 20:19 | Wind Walk |
| 22:19 | Sobi Mask |
| 24:41 | Great Hall |
| 26:06 | Critical Strike |
| 26:43 | Bladestorm |
| 27:22 | Orc Burrow |
| 27:30 | Orc Burrow |
| 27:37 | Great Hall |
| 28:22 | Wind Walk |
| 31:54 | Mirror Image |
| 31:55 | Mirror Image |
| 31:56 | Mirror Image |
| 31:59 | Mirror Image |
| Right click | 1242 |
| Select group | 139 |
| Misc. action | 134 |
| Select | 113 |
| Build/train/purchase | 79 |
| Resource trade | 45 |
| Use ability | 7 |
| Item give/drop | 7 |
| Chat | 6 |
| Minimap ping | 2 |
| Assign group | 1 |
| Esc | 1 |


| Lesser Clarity Potion | 2 | 140 |
| Boots of Speed | 2 | 500 |
| Healing Salve | 1 | 100 |
| total: | 5 | 740g |
| Peasant | 29 | 2175 | / | 0 |
| Mortar Team | 6 | 1080 | / | 420 |
| Flying Machine | 45 | 4500 | / | 1350 |
| total: | 80 | 7755g | / | 1770w |
| Scout Tower | 26 | 780 | / | 520 |
| Arcane Tower | 2 | 140 | / | 100 |
| Guard Tower | 13 | 910 | / | 650 |
| Altar of Kings | 1 | 180 | / | 50 |
| Farm | 14 | 1120 | / | 280 |
| Lumber Mill | 2 | 240 | / | 0 |
| Town Hall | 3 | 1155 | / | 615 |
| Blacksmith | 1 | 140 | / | 60 |
| Arcane Vault | 1 | 130 | / | 30 |
| Workshop | 4 | 560 | / | 560 |
| Keep | 1 | 320 | / | 210 |
| Castle | 1 | 360 | / | 210 |
| total: | 52 | 4305g | / | 2115w |
| 0:01 | Peasant |
| 0:06 | Altar of Kings |
| 0:07 | Peasant |
| 0:18 | Farm |
| 0:19 | Peasant |
| 0:33 | Lumber Mill |
| 0:34 | Peasant |
| 0:41 | Peasant |
| 0:47 | Peasant |
| 1:01 | Farm |
| 1:10 | Peasant |
| 1:16 | Peasant |
| 1:23 | Peasant |
| 1:46 | Farm |
| 1:48 | Peasant |
| 1:52 | Improved Lumber Harvesting |
| 2:03 | Peasant |
| 2:07 | Scout Tower |
| 2:10 | Peasant |
| 2:14 | Storm Bolt |
| 2:48 | Peasant |
| 3:33 | Scout Tower |
| 3:47 | Arcane Tower |
| 3:51 | Scout Tower |
| 4:01 | Town Hall |
| 4:06 | Arcane Tower |
| 4:07 | Peasant |
| 4:07 | Peasant |
| 4:08 | Improved Masonry |
| 4:22 | Guard Tower |
| 4:26 | Scout Tower |
| 4:32 | Scout Tower |
| 4:33 | Scout Tower |
| 4:37 | Healing Salve |
| 4:38 | Lesser Clarity Potion |
| 4:38 | Lesser Clarity Potion |
| 5:04 | Guard Tower |
| 5:23 | Peasant |
| 5:23 | Peasant |
| 5:27 | Peasant |
| 5:43 | Peasant |
| 5:57 | Scout Tower |
| 6:05 | Scout Tower |
| 6:10 | Keep |
| 6:18 | Scout Tower |
| 6:19 | Scout Tower |
| 6:20 | Peasant |
| 6:28 | Guard Tower |
| 6:30 | Scout Tower |
| 6:31 | Scout Tower |
| 6:48 | Guard Tower |
| 6:52 | Guard Tower |
| 6:56 | Guard Tower |
| 7:03 | Blacksmith |
| 7:20 | Guard Tower |
| 7:31 | Scout Tower |
| 7:32 | Scout Tower |
| 8:10 | Guard Tower |
| 8:11 | Guard Tower |
| 8:23 | Peasant |
| 8:23 | Peasant |
| 8:26 | Black Gunpowder |
| 8:32 | Castle |
| 8:39 | Workshop |
| 8:42 | Workshop |
| 8:43 | Workshop |
| 9:00 | Bash |
| 9:12 | Guard Tower |
| 9:13 | Scout Tower |
| 9:14 | Scout Tower |
| 9:29 | Peasant |
| 9:29 | Peasant |
| 9:29 | Peasant |
| 9:33 | Refined Gunpowder |
| 10:16 | Town Hall |
| 10:23 | Guard Tower |
| 10:28 | Flare |
| 10:29 | Flak Cannons |
| 10:32 | Farm |
| 10:32 | Farm |
| 10:35 | Farm |
| 10:37 | Farm |
| 10:39 | Farm |
| 11:25 | Holy Light |
| 11:41 | Flying Machine Bombs |
| 11:42 | Fragmentation Shards |
| 11:42 | Mortar Team |
| 11:46 | Storm Bolt |
| 11:49 | Peasant |
| 11:49 | Peasant |
| 11:51 | Advanced Lumber Harvesting |
| 11:52 | Advanced Masonry |
| 11:55 | Peasant |
| 11:55 | Peasant |
| 11:57 | Imbued Gunpowder |
| 12:02 | Farm |
| 12:02 | Farm |
| 12:32 | Iron Plating |
| 13:11 | Imbued Masonry |
| 13:15 | Storm Bolt |
| 13:37 | Flying Machine |
| 13:37 | Flying Machine |
| 13:37 | Flying Machine |
| 13:37 | Flying Machine |
| 13:37 | Flying Machine |
| 13:38 | Flying Machine |
| 14:00 | Flying Machine |
| 14:00 | Flying Machine |
| 14:02 | Farm |
| 14:20 | Boots of Speed |
| 14:20 | Boots of Speed |
| 14:34 | Flying Machine |
| 14:54 | Flying Machine |
| 14:54 | Flying Machine |
| 15:02 | Divine Shield |
| 15:18 | Flying Machine |
| 15:39 | Arcane Vault |
| 15:55 | Mortar Team |
| 15:56 | Mortar Team |
| 16:46 | Mortar Team |
| 16:47 | Flying Machine |
| 16:47 | Flying Machine |
| 16:47 | Flying Machine |
| 16:47 | Flying Machine |
| 16:48 | Flying Machine |
| 16:48 | Flying Machine |
| 16:48 | Flying Machine |
| 17:27 | Workshop |
| 17:58 | Bash |
| 17:59 | Bash |
| 18:45 | Mortar Team |
| 18:45 | Mortar Team |
| 20:28 | Flying Machine |
| 20:28 | Flying Machine |
| 20:28 | Flying Machine |
| 20:28 | Flying Machine |
| 20:29 | Flying Machine |
| 20:29 | Flying Machine |
| 21:07 | Flying Machine |
| 21:08 | Flying Machine |
| 21:08 | Flying Machine |
| 21:08 | Flying Machine |
| 21:21 | Holy Light |
| 21:24 | Flying Machine |
| 21:27 | Farm |
| 21:27 | Farm |
| 21:29 | Farm |
| 22:29 | Flying Machine |
| 22:29 | Flying Machine |
| 23:21 | Divine Shield |
| 25:20 | Flying Machine |
| 25:20 | Flying Machine |
| 25:20 | Flying Machine |
| 25:20 | Flying Machine |
| 25:20 | Flying Machine |
| 25:21 | Flying Machine |
| 25:21 | Flying Machine |
| 25:26 | Storm Bolt |
| 26:05 | Holy Light |
| 26:22 | Flying Machine |
| 26:22 | Flying Machine |
| 26:22 | Flying Machine |
| 26:48 | Flying Machine |
| 26:50 | Steel Plating |
| 27:24 | Flying Machine |
| 27:24 | Flying Machine |
| 27:40 | Scout Tower |
| 27:41 | Scout Tower |
| 27:41 | Scout Tower |
| 27:42 | Scout Tower |
| 27:43 | Scout Tower |
| 27:43 | Scout Tower |
| 27:44 | Scout Tower |
| 27:46 | Scout Tower |
| 27:47 | Scout Tower |
| 27:48 | Scout Tower |
| 28:21 | Lumber Mill |
| 28:48 | Holy Light |
| 28:54 | Guard Tower |
| 29:05 | Town Hall |
| 29:25 | Mithril Plating |
| 29:34 | Guard Tower |
| Right click | 1678 |
| Select group | 722 |
| Select | 358 |
| Build/train/purchase | 203 |
| Misc. action | 110 |
| Use ability | 78 |
| Resource trade | 11 |
| Assign group | 9 |
| Esc | 9 |
| Minimap ping | 8 |
| Item give/drop | 1 |
| Remove unit | 1 |